 Dungeon Crawl Stone Soup version 0.27-a0-1137-g3ef0f4ec91 (webtiles) character file.

Game seed: 13188213284862366270

4 Anon1729 the Caller (level 1, 0/12 HPs)
             Began as a Gargoyle Wanderer on May 6, 2021.
             Slain by a jackal (1 damage)
             ... on level 1 of the Dungeon.
             The game lasted 00:00:55 (70 turns).

Anon1729 the Caller (Gargoyle Wanderer)               Turns: 70, Time: 00:00:55

Health: 0/12       AC:  4    Str: 14    XL:     1   Next: 60%
Magic:  1/2        EV: 11    Int: 13    God:
Gold:   0          SH:  0    Dex:  9    Spells: 1/2 levels left

rFire    . . .     SeeInvis .   a - +2 dagger
rCold    . . .     Faith    .   (no shield)
rNeg     + . .     Spirit   .   e - +0 robe
rPois    ∞         Reflect  .   (no helmet)
rElec    +         Harm     .   (no cloak)
rCorr    .         Rampage  .   (no gloves)
Will     .....                  (no boots)
Stlth    +.........             (no amulet)
HPRegen  0.04/turn              (no ring)
MPRegen  0.08/turn              (no ring)

@: no status effects
A: sickness immunity, AC +2, negative energy resistance 1, electricity
resistance, torment resistance 1, unbreathing 1, petrification resistance
a: no special abilities


You were on level 1 of the Dungeon.
You visited 1 branch of the dungeon, and saw 1 of its levels.

Inventory:

Hand Weapons
 a - a +2 dagger (weapon)
Armour
 e - a +0 robe (worn)
Potions
 b - a potion of haste


   Skills:
 + Level 1.1 Fighting
 + Level 1.0 Crossbows
 + Level 1.1 Armour
 + Level 1.1 Stealth
 + Level 1.2 Shields
 + Level 1.0 Spellcasting
 + Level 2.7 Summonings
 + Level 1.1 Fire Magic


You had one spell level left.
You knew the following spells:

 Your Spells              Type           Power      Damage    Failure   Level
a - Foxfire               Conj/Fire      8%         2x1d4     22%         1

Your spell library contained the following spells:

 Spells                   Type           Power      Damage    Failure   Level
 Searing Ray              Conj           0%         3d3       38%         2
 Static Discharge         Conj/Air       0%         N/A       38%         2
 Conjure Flame            Conj/Fire      2%         6-21      56%         3


Dungeon Overview and Level Annotations

Branches:
Dungeon (1/15)

Altars:


Innate Abilities, Weirdness & Mutations

You are immune to sickness and miasma.
Your stone body is resilient. (AC +2)
You are immune to poison.
You resist negative energy. (rN+)
You are resistant to electric shocks. (rElec)
You are resistant to unholy torment.
You can survive without breathing.
You are immune to petrification.


Message History

The jackal closely misses you.
There is an open door here.
Casting: Foxfire (safe; 22% risk of failure)
Confirm with . or Enter, or press ? or * to list all spells.
You conjure some foxfire!
The jackal closely misses you.
Your foxfire dissipates!
The foxfire hits the jackal.
You kill the jackal!
You hit the jackal.
The jackal is moderately wounded.
The jackal bites you but does no damage.
You closely miss the jackal.
The jackal is moderately wounded.
The jackal bites you but does no damage.
The jackal bites you.
* * * LOW HITPOINT WARNING * * *
You closely miss the jackal.
The jackal is moderately wounded.
The jackal barely misses you.
You hit the jackal but do no damage.
The jackal is moderately wounded.
The jackal misses you.
The jackal bites you but does no damage.
You barely miss the jackal.
The jackal is moderately wounded.
The jackal bites you but does no damage.
You closely miss the jackal.
The jackal is moderately wounded.
The jackal barely misses you.
You miss the jackal.
The jackal is moderately wounded.
The jackal bites you but does no damage. x2
You barely miss the jackal.
The jackal is moderately wounded.
The jackal bites you but does no damage.
You closely miss the jackal.
The jackal is moderately wounded.
The jackal bites you but does no damage.
The jackal bites you.
You die...

##+# #..# #@.#
#h.# #..# #..#
#..# #### #'##
##..##########..##
#....'.....†#....#
#....#......†....#


You could see a jackal.

Vanquished Creatures
  3 jackals (D:1)
3 creatures vanquished.

Vanquished Creatures (others)
  8 foxfires (D:1)
8 creatures vanquished.

Grand Total: 11 creatures vanquished

Notes
Turn   | Place    | Note
-------+----------+-------------------------------------------
     0 | D:1      | Anon1729 the Gargoyle Wanderer began the quest for the Orb.
     0 | D:1      | Anon1729 set off with the following items: a +2 dagger, a
                  | potion of haste, a +0 robe; and the following spell
                  | memorised: Foxfire; and the following spells available to
                  | memorise: Searing Ray, Static Discharge, Conjure Flame
     0 | D:1      | Reached XP level 1. HP: 12/12 MP: 2/2
    70 | D:1      | Slain by a jackal

Illustrated notes

Levels and vault maps discovered:
D:1:      sevenhm_arrival_forest_fort_large_4, layout_basic,
          hangedman_decor_points

Action                   || total
-------------------------++-------
Melee: Dagger            ||    17
 Cast: Foxfire           ||     5
Armor: Robe              ||    17
Dodge: Dodged            ||    25

Table legend: (Time is in decaauts)
 A = Elapsed time spent in this place.
 B = Non-inter-level travel time spent in this place.
 C = Inter-level travel time spent in this place.
 D = Time resting spent in this place.
 E = Time spent auto-exploring this place.
 F = Levels seen in this place.
 G = Mean time per level.
                   A        B        C        D        E       F      G
               +--------+--------+--------+--------+--------+-----+--------+
         Total |     70 |     70 |      0 |      0 |     16 |   1 |   70.0 |
       Dungeon |     70 |     70 |      0 |      0 |     16 |   1 |   70.0 |
               +--------+--------+--------+--------+--------+-----+--------+

Top non-repeatable levels by time:
     D:1: 70 daAuts
